 Dungeon Crawl Stone Soup version 0.24-a0-582-g4d4af813a0 (webtiles) character file.

Game seed: 6453897731694820746

671 Esekla the Slasher (level 7, 0/49 HPs)
             Began as an Octopode Abyssal Knight on Aug 27, 2019.
             Was a Believer of Lugonu.
             Slain by a howler monkey (7 damage)
             ... on level 5 of the Dungeon.
             The game lasted 00:22:48 (3220 turns).

Esekla the Slasher (Octopode Abyssal Knight)        Turns: 3220, Time: 00:22:48

Health: 0/49       AC:  1    Str: 11    XL:     7   Next: 58%
Magic:  8/8        EV: 15    Int: 14    God:    Lugonu [**....]
Gold:   315        SH:  0    Dex: 14    Spells: 6/6 levels left

rFire    . . .     SeeInvis .   a - +1 falchion
rCold    . . .     Gourm    .   (no shield)
rNeg     . . .     Faith    .   (helmet restricted)
rPois    .         Spirit   .   d - amulet of regeneration
rElec    .         Reflect  .   (no ring)
rCorr    .         Harm     .   (no ring)
MR       .....                  (no ring)
Stlth    +++.......             (no ring)
HPRegen  0.56/turn              (no ring)
MPRegen  0.11/turn              (no ring)
                                (no ring)
                                (no ring)

@: no status effects
A: almost no armour, stealthy swim, amphibious, 8 rings, constrict 8, camouflage
1, gelatinous body 1
a: Depart the Abyss, Bend Space, Renounce Religion


You were on level 5 of the Dungeon.
You worshipped Lugonu.
Lugonu was pleased with you.
You were hungry.

You visited 1 branch of the dungeon, and saw 5 of its levels.
You visited the Abyss 1 time.

You collected 315 gold pieces.

Inventory:

Hand Weapons
 a - a +1 falchion (weapon)
 u - a +0 rapier
Missiles
 i - 7 boomerangs (quivered)
Jewellery
 d - an amulet of regeneration (around mantle)
Wands
 t - a wand of paralysis (11)
 v - a wand of iceblast (8)
 x - a wand of digging (4)
Scrolls
 e - 4 scrolls of remove curse {unknown}
 h - 4 scrolls of identify {unknown}
 j - 3 scrolls of magic mapping {unknown}
 k - 2 scrolls of teleportation {unknown}
 l - a scroll of blinking {unknown}
 n - a scroll of enchant weapon {unknown}
 p - a scroll of enchant armour {unknown}
Potions
 c - a potion of flight {unknown}
 f - 3 potions of curing {unknown}
 g - 2 potions of berserk rage {unknown}
 m - a potion of heal wounds {unknown}
 o - 2 potions of agility {unknown}
 q - 2 potions of degeneration {unknown}
 r - 2 potions of haste {unknown}
 s - a potion of mutation {unknown}
 w - a potion of lignification {unknown}
Comestibles
 b - 8 rations


   Skills:
 + Level 4.6 Fighting
 * Level 5.6 Long Blades
 + Level 0.8 Throwing
 * Level 4.3 Dodging
 + Level 3.2 Stealth
 + Level 2.3 Invocations


You had 6 spell levels left.
You didn't know any spells.
Your spell library contained the following spells:

 Spells                   Type           Power        Failure   Level  Hunger
 Beastly Appendage        Tmut           #.....       28%         1    ##.....
 Sticks to Snakes         Tmut           #.......     41%         2    ###....
 Spider Form              Tmut/Pois      #.........   65%         3    ####...
 Ice Form                 Ice/Tmut       #.......     96%         4    #####..
 Blade Hands              Tmut           #.........   100%        5    ######.


Dungeon Overview and Level Annotations

Branches:
Dungeon (5/15)
 Temple: D:4-7

Altars:
Dithmenos
Okawaru
Ru
Vehumet
Xom


Innate Abilities, Weirdness & Mutations

You cannot wear most types of armour.
You are very stealthy in the water. (Stealth+)
You are amphibious.
You can wear up to eight rings at the same time.
You can use your tentacles to constrict eight enemies at once.
Your skin changes colour to match your surroundings (Stealth+).
Your rubbery body absorbs attacks. (AC +1, EV +1)


Message History

You hit the orc.
You kill the orc!
Lugonu accepts your kill.
You hear some strange, mumbled words.
A magic dart appears from out of thin air!
The magic dart hits you!
* * * LOW HITPOINT WARNING * * *
An ogre comes into view. It is wielding a +0 giant spiked club.
The ogre moves out of view.
The howler monkey closely misses you.
You riposte.
You hit the howler monkey but do no damage.
You grab the howler monkey. You squeeze the howler monkey!
The howler monkey is heavily wounded.
You release your grip on the howler monkey.
There is an open door here.
Things that are here:
a cursed -1 glaive; a +0 robe The howler monkey closely misses you.
The howler monkey hits you!
You die...

#.......#....
#....)).##'#######
..######...........
#....#...........
+....#...........
#....)...........
#....#...........
#.h..#...........
#@##.#...........
####.##.####'####+#.
#....#............+
#....#............#
#....#............#
#
####'###..#######+#
...###..###..##
...............
.......<.......


You could see a howler monkey.

Vanquished Creatures
  Sigmund (D:2)
  A phantom (D:4)
  A big kobold (D:4)
  Blork the orc (D:4)
  An orc priest (D:5)
  An orc wizard (D:5)
  2 centaur skeletons
  A worker ant (D:4)
  2 hound skeletons
  4 adders
  An ufetubus (Abyss:1)
  2 oozes
  3 worms (D:3)
  3 leopard geckos
  2 orcs (D:5)
  A ball python (D:4)
  4 bats
  11 giant cockroaches
  6 hobgoblins
  2 jackals (D:1)
  7 kobolds
  3 quokkas
  3 frilled lizards
  5 goblins
  A jackal skeleton (D:4)
  7 rats
  A plant (D:2)
77 creatures vanquished.

Vanquished Creatures (others)
  4 toadstools (D:4)
4 creatures vanquished.

Grand Total: 81 creatures vanquished

Notes
Turn   | Place    | Note
-------+----------+-------------------------------------------
     0 | Abyss:1  | Esekla the Octopode Abyssal Knight began the quest for the
                  | Orb.
     0 | Abyss:1  | Reached XP level 1. HP: 16/16 MP: 2/2
    42 | Abyss:1  | Noticed a large abomination
    47 | Abyss:1  | Found a corrupted altar of Lugonu.
   144 | Abyss:1  | Noticed an apocalypse crab
   149 | Abyss:1  | Found a corrupted altar of Lugonu.
   170 | Abyss:1  | Noticed a chaos spawn
   174 | Abyss:1  | Noticed a large abomination
   175 | Abyss:1  | Found an iron altar of Okawaru.
   176 | D:1      | Escaped the Abyss
   308 | D:1      | Reached XP level 2. HP: 21/21 MP: 3/3
   468 | D:1      | Reached XP level 3. HP: 26/26 MP: 4/4
   505 | D:1      | Reached * piety under Lugonu
   760 | D:2      | Noticed Sigmund
   770 | D:2      | Killed Sigmund
   770 | D:2      | Reached skill level 3 in Long Blades
   770 | D:2      | Reached skill level 1 in Stealth
   770 | D:2      | Reached XP level 4. HP: 25/33 MP: 5/5
   770 | D:2      | Reached XP level 5. HP: 28/37 MP: 6/6
  1854 | D:3      | Reached XP level 6. HP: 43/43 MP: 7/7
  1907 | D:3      | Found a sacrificial altar of Ru.
  1996 | D:3      | Reached skill level 4 in Long Blades
  2221 | D:4      | Found a shimmering altar of Xom.
  2222 | D:4      | Found a radiant altar of Vehumet.
  2223 | D:4      | Found a shadowy altar of Dithmenos.
  2291 | D:4      | Reached ** piety under Lugonu
  2323 | D:4      | Found an iron altar of Okawaru.
  2333 | D:4      | Noticed a phantom
  2410 | D:4      | Killed a phantom
  2527 | D:4      | Reached XP level 7. HP: 39/49 MP: 8/8
  2571 | D:4      | Reached skill level 5 in Long Blades
  2810 | D:4      | Noticed Blork the orc
  2872 | D:4      | Killed Blork the orc
  3144 | D:5      | Entered Level 5 of the Dungeon
  3212 | D:5      | HP: 2/49 [something/magic dart (9)]
  3220 | D:5      | Slain by a howler monkey

Levels and vault maps discovered:
D:1:      lightli_arrival_windingriver, layout_rooms, solitary_fountain
D:2:      wad_woods_pond, layout_basic, minmay_worlds_worst_comb, uniq_sigmund
D:3:      layout_rooms, lemuel_doored_altar, first_ration
D:4:      layout_gridville, chequers_temple_overflow_statue_of_worship,
          minivault_24, minmay_gold_behind_fungi, okawaru_gym_becter,
          uniq_blork_the_orc
D:5:      layout_gridville, serial_shops, shop, kennysheep_generic_room_13

Skill      XL: |  1  2  3  4  5  6  7 |
---------------+----------------------+-----
Fighting       | 4 |  4.6
Long Blades    | 3 4 5 |  5.6
Dodging        | 3 4 |  4.3
Stealth        | 1 2 3 |  3.2
Throwing       | |  0.8
Invocations    | |  2.3

Action                   |  1- 3 |  4- 6 |  7- 9 || total
-------------------------+-------+-------+-------++-------
Melee: Falchion          |    35 |   118 |    37 ||   190
       Tentacles         |     8 |    26 |    15 ||    49
       Constrict         |    11 |    25 |     7 ||    43
       Dagger            |     2 |       |       ||     2
       Rapier            |       |     2 |     3 ||     5
Throw: Boomerang         |       |     9 |       ||     9
Invok: Depart the Abyss  |     1 |       |       ||     1
 Stab: Sleeping          |     1 |    12 |     2 ||    15
  Eat: Ration            |       |     2 |       ||     2
Armor: Skin              |     2 |     2 |     1 ||     5
Dodge: Dodged            |    24 |    52 |    20 ||    96
       Rpst.: Falchion   |     5 |    14 |     6 ||    25

Table legend:
 A = Non-vault XP
 B = Vault XP
 C = Vault XP percentage of total XP
 D = Non-vault monster count
 E = Vault monster count
 F = Vault count percentage of total count
                 A         B        C        D         E       F
            +---------+---------+-------+---------+---------+-------
      Total |     631 |     328 |  34.2 |      68 |       8 |  10.5
            +---------+---------+-------+---------+---------+-------
        D:1 |      36 |       0 |   0.0 |      17 |       0 |   0.0
        D:2 |      33 |     234 |  87.6 |      12 |       7 |  36.8
        D:3 |      67 |       0 |   0.0 |      18 |       0 |   0.0
        D:4 |     356 |      94 |  20.9 |      15 |       1 |   6.2
        D:5 |     131 |       0 |   0.0 |       5 |       0 |   0.0
    Abyss:1 |       8 |       0 |   0.0 |       1 |       0 |   0.0
            +---------+---------+-------+---------+---------+-------
